 Dungeon Crawl Stone Soup version 0.25-a0-842-g81a31cfd23 (webtiles) character file.

Game seed: 1286000137192900636, levelgen mode: deterministic

132605 Maedhros the Bringer of Law (level 17, -12/111 HPs)
             Began as an Octopode Wanderer on Apr 25, 2020.
             Was the Champion of Zin.
             Mangled by a cyclops (28 damage)
             ... on level 4 of the Shoals.
             The game lasted 01:20:28 (31085 turns).

Maedhros the Bringer of Law (Octopode Wanderer)    Turns: 31085, Time: 01:20:29

Health: -12/111    AC:  3    Str: 16    XL:     17   Next: 12%
Magic:  18/29      EV: 23    Int: 21    God:    Zin [******]
Gold:   2351       SH: 17    Dex: 16    Spells: 10/16 levels left

rFire    . . .     SeeInvis +   Z - +9 staff of Olgreb {rPois∞}
rCold    + + .     Gourm    .   J - +5 kite shield {reflect}
rNeg     . . .     Faith    .   X - +2 hat
rPois    ∞         Spirit   .   L - amulet of regeneration
rElec    +         Reflect  +   i - ring of see invisible
rCorr    +         Harm     .   m - +2 ring of evasion
MR       +....                  y - ring of resist corrosion
Stlth    ++++++++..             K - +2 ring of dexterity
HPRegen  0.68/turn              B - +5 ring of strength
MPRegen  0.21/turn              P - ring "Efrairgho" {rF- rC+ Int+2 Slay+5}
                                d - ring of stealth
                                (no ring)

@: about to teleport, resistant, barbed spikes, mesmerised, hasted, studying
Unarmed Combat, very quick
A: almost no armour, stealthy swim, amphibious, 8 rings, constrict 8, camouflage
1, gelatinous body 1, MP-powered wands
a: Recite, Vitalisation, Imprison, Sanctuary, Donate Gold, Renounce Religion


You were on level 4 of the Shoals.
You worshipped Zin.
Zin was exalted by your worship.
You were very hungry.

You visited 6 branches of the dungeon, and saw 29 of its levels.

You collected 4165 gold pieces.
You spent 1543 gold pieces at shops.
You donated 271 gold pieces to Zin.

Inventory:

Hand Weapons
 q - the +8 dagger "Exoenepp" {protect, *Rage rPois rN+}
   (You found it on level 6 of the Dungeon)

   It grants its wielder temporary protection when it strikes (+7 to AC).
   It protects you from poison.
   It protects you from negative energy.
   It may make you go berserk in combat.
 Z - the +9 staff of Olgreb (weapon) {rPois∞}
   (You took it off an orc on level 13 of the Dungeon)

   It grants immunity to poison.
Missiles
 e - 599 arrows
 k - 94 poisoned darts (quivered)
 w - 19 curare-tipped darts
 C - 34 javelins
 D - 7 throwing nets
Armour
 J - a +5 kite shield of reflection (worn)
 X - a +2 hat (worn)
Jewellery
 d - a ring of stealth (on tentacle)
 i - a ring of see invisible (left tentacle)
 j - a +4 amulet of reflection
 m - a +2 ring of evasion (right tentacle)
 y - a ring of resist corrosion (on tentacle)
 z - an uncursed ring of wizardry {unknown}
 B - a +5 ring of strength (on tentacle)
 K - a +2 ring of dexterity (on tentacle)
 L - an amulet of regeneration (around mantle)
 P - the ring "Efrairgho" (on tentacle) {rF- rC+ Int+2 Slay+5}
   (You bought it in a shop on level 8 of the Dungeon)

   [ring of protection from cold]

   It affects your intelligence (+2).
   It affects your accuracy and damage with ranged weapons and melee attacks
   (+5).
   It makes you vulnerable to fire.
   It protects you from cold.
Wands
 a - a wand of disintegration (5)
 M - a wand of digging (6)
 Q - a wand of enslavement (8)
 V - a wand of flame (83)
Scrolls
 b - a scroll of identify
 c - 2 scrolls of summoning
 g - 3 scrolls of brand weapon
 h - 15 scrolls of remove curse
 o - 3 scrolls of fear
 p - 4 scrolls of fog
 s - 5 scrolls of teleportation
 t - 3 scrolls of enchant armour
 v - 4 scrolls of enchant weapon
 A - a scroll of blinking
 F - 2 scrolls of amnesia
 G - 4 scrolls of magic mapping
Potions
 l - 4 potions of curing
 n - 2 potions of resistance
 r - 3 potions of stabbing
 u - 3 potions of flight
 x - a potion of invisibility
 E - 3 potions of cancellation
 I - 2 potions of might
 O - 3 potions of haste
 R - 2 potions of brilliance
 U - 2 potions of mutation
 W - 2 potions of ambrosia
Books
 T - a manual of Unarmed Combat
Miscellaneous
 S - a phantom mirror
Comestibles
 f - 37 rations


   Skills:
 - Level 8.4 Fighting
 - Level 9.9(10.0) Short Blades
   Level 1.0(6.3) Long Blades
 * Level 6.5 Staves
   Level 2.0 Bows
 - Level 12.1 Dodging
 - Level 10.2 Stealth
 - Level 11.4 Shields
 - Level 9.2 Unarmed Combat
 + Level 4.5 Transmutations
 * Level 17.4 Invocations
 * Level 10.3 Evocations


You had 10 spell levels left.
You knew the following spells:

 Your Spells              Type           Power        Failure   Level  Hunger
a - Sticks to Snakes      Tmut           ###.....     7%          2    ###....
b - Leda's Liquefaction   Hex/Erth       #.........   95%         4    #####..

Your spell library contained the following spells:

 Spells                   Type           Power        Failure   Level  Hunger
 Beastly Appendage        Tmut           ###...       4%          1    ##.....
 Sting                    Tmut/Pois      ##..         11%         1    ##.....
 Animate Skeleton         Necr           N/A          28%         1    ##.....
 Apportation              Tloc           #.....       28%         1    ##.....
 Corona                   Hex            #......      28%         1    ##.....
 Freeze                   Ice            #...         28%         1    ##.....
 Magic Dart               Conj           #...         28%         1    ##.....
 Summon Small Mammal      Summ           #...         28%         1    ##.....
 Spider Form              Tmut/Pois      ##........   32%         3    ####...
 Corpse Rot               Necr/Air       N/A          38%         2    ###....
 Searing Ray              Conj           #.....       38%         2    ###....
 Slow                     Hex            #.......     38%         2    ###....
 Dazzling Flash           Conj/Hex       #.....       63%         3    ####...
 Frozen Ramparts          Ice            #.....       63%         3    ####...
 Gell's Gravitas          Tloc           #.........   63%         3    ####...
 Inner Flame              Hex/Fire       #.......     63%         3    ####...
 Ozocubu's Armour         Chrm/Ice       #.......     63%         3    ####...
 Portal Projectile        Hex/Tloc       #.....       63%         3    ####...
 Vampiric Draining        Necr           #.........   63%         3    ####...
 Ice Form                 Ice/Tmut       #.......     73%         4    #####..
 Blade Hands              Tmut           ###.......   77%         5    ######.
 Animate Dead             Necr           N/A          95%         4    #####..
 Cause Fear               Hex            #.........   95%         4    #####..
 Fulminant Prism          Conj/Hex       #.........   95%         4    #####..
 Hailstorm                Conj/Ice       #.......     95%         4    #####..
 Iskenderun's Mystic Bla  Conj/Tloc      #.......     95%         4    #####..
 Summon Ice Beast         Ice/Summ       #.......     95%         4    #####..
 Bolt of Magma            Conj/Fire/Erth #.........   100%        5    ######.
 Iskenderun's Battlesphe  Conj/Chrm      #.......     100%        5    ######.
 Death Channel            Necr           #.........   100%        6    #######
 Dispersal                Tloc           #.........   100%        6    #######
 Iron Shot                Conj/Erth      #.........   100%        6    #######
 Orb of Destruction       Conj           #.........   100%        7    #######
 Spellforged Servitor     Conj/Summ      #.........   100%        7    #######
 Controlled Blink         Tloc           N/A          100%        8    #######
 Disjunction              Tloc           #.........   100%        8    #######


Dungeon Overview and Level Annotations

Branches:
Dungeon (15/15)            Temple (1/1) D:4            Lair (6/6) D:8
 Shoals (4/4) Lair:3       Spider (0/4) Lair:4        Slime (0/5) Lair:5
    Orc (2/2) D:9             Elf (0/3) Orc:2        Vaults (0/5) D:14
 Depths (1/5) D:15

Altars:
Ashenzari
Cheibriados
Dithmenos
Elyvilon
Fedhas
Gozag
Hepliaklqana
Kikubaaqudgha
Makhleb
Nemelex Xobeh
Okawaru
Qazlal
Ru
Sif Muna
Trog
Uskayaw
Vehumet
Wu Jian
Xom
Yredelemnul
Zin
The Shining One
Jiyva

Shops:
D:5 *   D:7 }   D:8 =   D:11 }[   Orc:2 [!=?   Shoals:4 (

Portals:
Hell: Depths:1
Ziggurat: Depths:1
Trove: D:10 (give 8 potions of stabbing)

Annotations:
D:3 2 transporters, Necrophagist's ghost, amateur GrFi
D:8 3 runed translucent doors, MirrMurr's ghost, novice SpEn
Lair:2 exclusions: hydra and oklob plant


Innate Abilities, Weirdness & Mutations

You cannot wear most types of armour.
You are very stealthy in the water. (Stealth+)
You are amphibious.
You can wear up to eight rings at the same time.
You can use your tentacles to constrict eight enemies at once.
Your skin changes colour to match your surroundings (Stealth+).
Your rubbery body absorbs attacks. (AC +1, EV +1)
You expend magic power (3 MP) to strengthen your wands.


Message History

Unknown command.
You thump the merfolk impaler!
You envenom the merfolk impaler!
The merfolk impaler looks as sick as possible!
Your grab misses the merfolk impaler. You squeeze the merfolk impaler!
You kill the merfolk impaler!
You hear a splash. x2
The merfolk avatar chants its luring song.
Unknown command.
You catch the helpless merfolk javelineer completely off-guard!
You thump the merfolk javelineer!
You envenom the merfolk javelineer.
The merfolk javelineer is poisoned.
You grab the merfolk javelineer. You squeeze the merfolk javelineer!
The merfolk javelineer is moderately wounded.
You constrict the merfolk javelineer.
You kill the manticore!
The water nymph casts a spell at you. The water swirls and strikes you!!
* * * LOW HITPOINT WARNING * * *
The cyclops hits you!!
You die...

≈≈≈≈≈≈≈≈≈≈≈≈≈P≈PP≈P≈≈PP≈≈≈≈
≈≈≈≈≈≈≈≈≈≈≈≈≈≈≈≈≈≈≈≈≈≈P≈≈≈≈
≈≈≈≈≈≈≈≈≈≈≈≈(≈≈≈P≈≈))≈≈≈≈≈≈
≈≈≈≈≈≈≈≈≈≈≈≈P≈≈≈≈≈PP≈≈≈≈≈≈≈
≈≈≈≈≈≈≈≈≈P≈≈≈≈..§≈≈≈P≈P≈≈≈≈
≈≈≈≈≈≈≈≈≈≈........######.≈P
≈≈≈≈≈≈≈≈≈≈.......#((.%m##P≈
.≈≈≈≈≈≈≈≈...§§..#.#\...≈# ≈
..≈≈≈≈≈≈≈≈.....#@#..≈#.≈≈#
#..≈≈≈≈≈≈8≈....#Cm###≈≈≈≈#
#..≈≈≈≈≈≈≈≈≈≈≈H#m≈#X##≈≈≈#
...≈≈≈P≈≈≈≈≈≈≈≈#≈m#m# ..≈#
...≈...≈≈∩..≈≈≈#≈≈≈≈≈≈ #§#
.....PP≈≈...≈≈≈##≈≈≈≈.# ##
....PP≈PP....≈≈≈##≈≈≈≈≈
...P≈≈≈..8......≈####
##P.≈≈PP...P......≈


You could see a merfolk avatar, a merfolk javelineer (confused), a cyclops and a
water nymph.

Vanquished Creatures
  Donald (Orc:2)
  A frost giant (D:15)
  2 stone giants
  A very ugly thing (D:11)
  Azrael (Orc:2)
  2 merfolk javelineers
  5 merfolk impalers
  Snorg (Lair:5)
  2 hydras
  3 great orbs of eyes
  3 vault guards (D:14)
  2 merfolk avatars
  Harold (D:8)
  A catoblepas (D:13)
  7 centaur warriors
  A merfolk aquamancer (Shoals:4)
  5 two-headed ogres
  A tengu warrior (D:13)
  3 alligator snapping turtles
  3 orc high priests (Orc:2)
  Urug (D:10)
  Sonja (Lair:6)
  A fire crab (Lair:5)
  Nergalle (Lair:3)
  2 unseen horrors
  5 wizards
  9 sea snakes
  7 harpies
  6 orc knights
  A necromancer (D:14)
  3 orc sorcerers (Orc:2)
  2 deep elf magi
  14 ugly things
  4 fauns (Shoals:2)
  10 cyclopes
  A wolf spider (D:13)
  20 manticores
  6 elephants (Lair:4)
  5 black mambas
  3 water nymphs
  7 merfolk sirens
  A torpor snail (shapeshifter) (D:13)
  7 spiny frogs
  5 gargoyles
  6 komodo dragons
  2 efreet
  A freezing wraith (D:13)
  A yaktaur (D:15)
  2 kobold demonologists
  A guardian mummy (D:10)
  3 trolls
  A jumping spider (Lair:4)
  5 polar bears (Lair:6)
  10 snapping turtles
  5 hornets (Lair:6)
  15 merfolk
  10 dream sheep
  A wind drake (Shoals:3)
  A meliai zombie (D:13)
  10 blink frogs
  15 hippogriffs
  15 spriggans (Lair:6)
  4 water elementals
  3 shadows (D:13)
  2 redbacks (Lair:4)
  18 humans (D:14)
  5 fire elementals (Orc:2)
  4 wraiths
  7 basilisks
  37 yaks
  4 wyverns
  2 hungry ghosts
  A steam dragon (D:11)
  2 acid dragons
  6 wargs
  A soldier ant (D:11)
  13 water moccasins
  2 hell hounds (Orc:2)
  4 porcupines
  2 eyes of draining (D:13)
  16 orc warriors
  2 sky beasts
  11 black bears
  3 ice beasts
  2 phantoms
  A necrophage (D:7)
  20 ogres
  15 centaurs
  4 boggarts (Lair:6)
  18 wolves (Lair:6)
  11 crocodiles
  2 big kobolds
  15 bullfrogs
  5 scorpions
  A wyvern skeleton (D:6)
  9 killer bees
  23 wights
  A howler monkey (D:7)
  3 electric eels (Lair:5)
  10 crimson imps
  A quasit (D:9)
  5 centaur zombies
  15 orc priests
  4 centaur skeletons
  9 hounds
  11 jellies
  A gnoll shaman (D:4)
  2 bullfrog skeletons
  10 worker ants
  Ijyb (D:3)
  19 orc wizards
  2 hell rats (D:7)
  5 iguanas
  3 hound zombies
  A howler monkey skeleton (D:6)
  A worker ant zombie (D:9)
  5 gnolls (D:4)
  7 river rats (D:7)
  17 adders
  6 shadow imps
  2 oozes (D:2)
  An adder skeleton (D:4)
  An adder zombie (D:7)
  A dart slug (D:2)
  A leopard gecko (D:6)
  55 orcs
  A ball python (D:3)
  9 bats
  5 giant cockroaches
  12 hobgoblins
  11 jackals
  12 kobolds
  11 quokkas
  5 frilled lizards
  9 goblins
  3 leopard gecko skeletons (D:4)
  17 rats
842 creatures vanquished.

Vanquished Creatures (collateral kills)
  An ugly thing (D:14)
  A merfolk siren (Shoals:1)
  2 merfolk (Shoals:1)
4 creatures vanquished.

Vanquished Creatures (others)
  A satyr (Shoals:3)
  An orc sorcerer (Orc:2)
  An ugly thing (D:14)
  A cyclops (Shoals:4)
  A komodo dragon (D:14)
  An orc warrior (Orc:2)
  3 centaurs
  A jelly (Lair:5)
  5 fungi
  A pillar of salt (D:15)
  16 plants
  4 tentacles (Shoals:4)
36 creatures vanquished.

Grand Total: 882 creatures vanquished

Notes
Turn   | Place    | Note
-------+----------+-------------------------------------------
     0 | D:1      | Maedhros the Octopode Wanderer began the quest for the Orb.
     0 | D:1      | Maedhros set off with the following items: a +2 dagger, a
                  | potion of berserk rage, a +0 mace, a +0 shortbow, 21
                  | arrows, a ration
     0 | D:1      | Reached XP level 1. HP: 18/18 MP: 1/1
    55 | D:1      | Reached skill level 1 in Dodging
    65 | D:1      | Reached XP level 2. HP: 6/24 MP: 2/2
   674 | D:1      | Reached XP level 3. HP: 29/29 MP: 3/3
  1118 | D:4      | Reached XP level 4. HP: 28/35 MP: 4/4
  1147 | D:4      | Noticed a phantom
  1189 | D:5      | Entered Level 5 of the Dungeon
  1205 | D:5      | Noticed a centaur
  1215 | D:5      | Killed a centaur
  1215 | D:5      | Reached XP level 5. HP: 30/39 MP: 5/5
  1243 | D:5      | Noticed a sky beast
  1276 | D:5      | You fall into a shaft and drop 3 floors!
  1276 | D:8      | Noticed a two-headed ogre
  1280 | D:7      | Found a sacrificial altar of Ru.
  1281 | D:7      | Noticed a hippogriff
  1308 | D:7      | Noticed a necrophage
  1316 | D:7      | Reached skill level 5 in Dodging
  1742 | D:6      | Reached XP level 6. HP: 34/45 MP: 6/6
  1771 | D:6      | Got an ichor-stained dagger
  1772 | D:6      | Identified the +8 dagger "Exoenepp" {protect, *Rage rPois
                  | rN+} (You found it on level 6 of the Dungeon)
  1964 | D:6      | Reached XP level 7. HP: 50/50 MP: 7/7
  2322 | D:6      | Found a shimmering blue altar of Sif Muna.
  2340 | D:6      | Identified Sif Muna's Volume of Intoxication
  2423 | D:6      | Reached XP level 8. HP: 48/55 MP: 8/8
  2817 | D:7      | Noticed a hippogriff
  2834 | D:7      | Killed a hippogriff
  3046 | D:5      | Reached skill level 10 in Dodging
  3090 | D:5      | Found an opulent altar of Gozag.
  3092 | D:5      | Found Gozag's Platinum Reserve.
  3203 | D:4      | Reached skill level 1 in Short Blades
  3286 | D:4      | Found a staircase to the Ecumenical Temple.
  3489 | Temple   | Entered the Ecumenical Temple
  3699 | Temple   | Became a worshipper of Zin the Law-Giver
  3699 | Temple   | Reached * piety under Zin
  3793 | D:3      | Found a transporter.
  3795 | D:3      | Found a transporter.
  3795 | D:3      | Noticed Necrophagist's ghost (amateur GrFi)
  3918 | D:3      | Reached XP level 9. HP: 61/61 MP: 9/9
  4060 | D:3      | Noticed Ijyb
  4073 | D:3      | Killed Ijyb
  4150 | D:2      | Found a sparkling altar of Nemelex Xobeh.
  4243 | D:2      | Found a blossoming altar of Fedhas.
  4486 | D:2      | Found a snail-covered altar of Cheibriados.
  4926 | D:4      | Reached skill level 5 in Short Blades
  5231 | D:4      | Found a bloodstained altar of Trog.
  5231 | D:4      | Found a stormy altar of Qazlal.
  5232 | D:4      | Found a glowing golden altar of the Shining One.
  6054 | D:5      | Reached ** piety under Zin
  6197 | D:7      | Learned a level 2 spell: Sticks to Snakes
  6221 | D:7      | Reached skill level 1 in Transmutations
  6237 | D:7      | Found Asoidwu's Gadget Emporium.
  6252 | D:7      | Bought a wand of iceblast (7) for 165 gold pieces
  6301 | D:7      | Identified the cursed +1 leather armour of Responsibility
                  | {Str+6 Slay+2}
  6419 | D:7      | Reached XP level 10. HP: 35/66 MP: 10/10
  7177 | D:8      | Found a hide-covered altar of Uskayaw.
  7751 | D:8      | Found Juetz's Jewellery Emporium.
  7788 | D:8      | Reached *** piety under Zin
  7790 | D:8      | Noticed Harold
  7812 | D:8      | Killed Harold
  7812 | D:8      | Reached skill level 2 in Invocations
  7837 | D:8      | Reached skill level 3 in Invocations
  8289 | D:8      | Found a blossoming altar of Fedhas.
  8312 | D:8      | Found an ancient bone altar of Kikubaaqudgha.
  8343 | D:8      | Found a staircase to the Lair.
  8665 | D:9      | Reached skill level 4 in Invocations
  9079 | D:9      | Reached **** piety under Zin
  9184 | D:9      | Found a staircase to the Orcish Mines.
  9194 | D:9      | Reached XP level 11. HP: 72/72 MP: 14/14
  9199 | D:9      | Reached skill level 5 in Invocations
  9473 | D:10     | Entered Level 10 of the Dungeon
  9701 | D:10     | Noticed Urug
  9708 | D:10     | Gained mutation: You expend magic power (3 MP) to
                  | strengthen your wands. [potion of mutation]
  9736 | D:10     | Killed Urug
  9736 | D:10     | Reached skill level 6 in Invocations
 10052 | D:10     | Reached ***** piety under Zin
 10134 | D:10     | Found a portal to a secret trove of treasure.
 10494 | D:11     | Found Icoicen's Antique Armour Shoppe.
 10587 | D:11     | Noticed a cyan ugly thing
 10597 | D:11     | Killed a cyan ugly thing
 10597 | D:11     | Reached skill level 7 in Invocations
 10627 | D:11     | Found Oleew's Gadget Shoppe.
 10916 | D:11     | Reached skill level 8 in Invocations
 10995 | D:11     | Noticed a manticore
 11039 | D:11     | Noticed a cyan ugly thing
 11040 | D:11     | Noticed a brown ugly thing
 11060 | D:11     | Noticed a green ugly thing
 11152 | D:12     | Noticed a brown ugly thing
 11240 | D:12     | Noticed a two-headed ogre
 11272 | D:12     | Killed a two-headed ogre
 11475 | D:11     | Reached XP level 12. HP: 82/82 MP: 18/18
 11657 | D:11     | Reached ****** piety under Zin
 11854 | D:12     | Reached skill level 9 in Invocations
 12394 | D:13     | Noticed a tengu warrior
 12489 | D:13     | Reached skill level 1 in Shields
 12732 | D:13     | Reached skill level 10 in Invocations
 12745 | D:13     | Noticed a six-headed hydra
 12866 | Orc:1    | Entered Level 1 of the Orcish Mines
 12866 | Orc:1    | Noticed a two-headed ogre
 12926 | D:9      | Killed a two-headed ogre
 13265 | Orc:2    | Entered Level 2 of the Orcish Mines
 13511 | Orc:2    | Noticed Donald
 13516 | Orc:2    | HP: 1/83 [Donald/+0 double sword (15)]
 13524 | Orc:2    | Killed Donald
 13524 | Orc:2    | Reached skill level 11 in Invocations
 13985 | Orc:2    | Noticed Azrael
 14082 | Lair:1   | Entered Level 1 of the Lair of Beasts
 14843 | Lair:1   | Identified Noghail's Disquisition on Necromancy
 14862 | Lair:1   | Reached skill level 12 in Invocations
 14927 | Lair:1   | Reached XP level 13. HP: 88/88 MP: 22/22
 15281 | Lair:2   | Reached skill level 5 in Shields
 16618 | Lair:3   | Found a staircase to the Shoals.
 17125 | Lair:3   | Noticed Nergalle
 17131 | Lair:3   | Killed Nergalle
 17536 | Lair:4   | Found a hole to the Spider Nest.
 17573 | Lair:4   | Found a sparkling altar of Nemelex Xobeh.
 17821 | Lair:4   | Reached skill level 13 in Invocations
 18446 | Lair:5   | You fall into a shaft and drop 1 floor!
 18446 | Lair:6   | Entered Level 6 of the Lair of Beasts
 18942 | Lair:5   | Found a staircase to the Slime Pits.
 18988 | Lair:5   | Noticed Snorg
 19146 | Lair:5   | Reached skill level 5 in Stealth
 19174 | Lair:5   | Killed Snorg
 19885 | Lair:6   | Reached XP level 14. HP: 94/94 MP: 24/24
 19929 | Lair:6   | Noticed Sonja
 19940 | Lair:6   | Killed Sonja
 20219 | Lair:6   | Reached skill level 14 in Invocations
 20247 | Lair:6   | Reached skill level 5 in Evocations
 20468 | Lair:6   | Learned a level 4 spell: Leda's Liquefaction
 21583 | Orc:2    | Killed Azrael
 21673 | Orc:2    | Found a staircase to the Elven Halls.
 21821 | Orc:2    | Found Xooskec's Antique Armour Shoppe.
 21849 | Orc:2    | Found Itevat's Jewellery Shop.
 22087 | Orc:2    | Paralysed by an orc sorcerer for 2 turns
 22524 | Orc:2    | Found Iwkuug's Magic Scroll Shop.
 22524 | Orc:2    | Found Hiapo's Distillery.
 22550 | Orc:2    | Bought a potion of heal wounds for 90 gold pieces
 22564 | Orc:2    | Bought a +5 ring of strength for 535 gold pieces
 22743 | D:8      | Bought the ring "Efrairgho" {rF- rC+ Int+2 Slay+5} for 753
                  | gold pieces
 22763 | D:8      | Reached skill level 10 in Shields
 22783 | D:8      | Found a runed translucent gate.
 22783 | D:8      | Found a runed translucent gate.
 22786 | D:8      | Found a runed translucent gate.
 22787 | D:8      | Noticed MirrMurr's ghost (novice SpEn)
 22791 | D:8      | Found a viscous altar of Jiyva.
 22943 | D:8      | Found a hazy altar of Hepliaklqana.
 23383 | D:11     | Reached skill level 15 in Invocations
 23418 | D:11     | Noticed a cyan very ugly thing
 23442 | D:11     | Killed a green very ugly thing
 23442 | D:11     | Reached XP level 15. HP: 99/99 MP: 26/26
 23592 | D:13     | Reached skill level 1 in Unarmed Combat
 24265 | D:14     | Found a shadowy altar of Dithmenos.
 24925 | D:14     | Reached skill level 5 in Unarmed Combat
 24976 | D:14     | Found a gate to the Vaults.
 25219 | D:15     | Entered Level 15 of the Dungeon
 25657 | D:15     | Reached skill level 10 in Stealth
 25805 | D:15     | Found a staircase to the Depths.
 25805 | D:15     | Noticed a frost giant
 25808 | D:15     | Killed a frost giant
 26116 | Depths:1 | Entered Level 1 of the Depths
 26116 | Depths:1 | Found a gateway to a ziggurat.
 26161 | Depths:1 | Found a gateway to Hell.
 26169 | Depths:1 | Reached skill level 16 in Invocations
 26487 | D:13     | Paralysed by a great orb of eyes for 7 turns
 26732 | D:13     | Reached XP level 16. HP: 18/106 MP: 15/28
 27524 | Shoals:1 | Entered Level 1 of the Shoals
 27635 | Shoals:1 | Reached skill level 1 in Staves
 29300 | Shoals:2 | Reached skill level 17 in Invocations
 29384 | Shoals:2 | Reached skill level 5 in Staves
 30395 | Shoals:3 | Reached skill level 10 in Evocations
 30462 | Shoals:3 | Reached XP level 17. HP: 84/111 MP: 29/29
 30570 | Shoals:3 | Got a wavering lead amulet
 30571 | Shoals:3 | Identified the amulet of Cutudgh {Harm *Drain Dex+2} (You
                  | found it on level 3 of the Shoals)
 30574 | Shoals:3 | Identified a scroll of acquirement
 30576 | Shoals:3 | Identified the ring "Najuton" {MP+9 Str+2} (You acquired it
                  | on level 3 of the Shoals)
 30779 | Shoals:4 | Entered Level 4 of the Shoals
 30815 | Shoals:4 | Found Gyniugh's Weapon Emporium.
 31065 | Shoals:4 | Noticed a kraken
 31085 | Shoals:4 | Mangled by a cyclops

Levels and vault maps discovered:
D:1:      heliophobic_arrival_ceremonial_halls, layout_basic,
          chequers_mini_garden, dk_noncrumbling_3
D:2:      layout_basic, kennysheep_slug_shrine,
          nemelex_xobeh_ov_fountains_minmay, fedhas_altar_1
D:3:      layout_basic, gammafunk_ghost_mausoleum, uniq_ijyb
D:4:      layout_layer_cave, gammafunk_temple_overflow_forgotten,
          minmay_temple_entry_overgrown
D:5:      layout_basic, first_ration, serial_corexii_hall,
          corexii_hall_statues_deadend, corexii_hall_statues_l,
          nicolae_gozag_zags_fifth_avenue
D:6:      layout_basic, led_sif_book, nrook_campfire
D:7:      lemuel_ratsnest, layout_gridville, nicolae_ru_sacrificial_ziggurat,
          serial_shops, shop
D:8:      layout_layer_cave, old_standard_altar,
          grunt_temple_overflow_growth_and_decay,
          eat_drink_and_be_merry_uskayaw, dpeg_oklobed_lair,
          gammafunk_ghost_ooze, serial_shops, shop_statue, uniq_harold
D:9:      layout_basic, minmay_orc_entry_guard_dogs
D:10:     layout_roguey, nicolae_trove_entry_path_of_doom, uniq_urug
D:11:     cheibrodos_breeding_chamber, layout_cave_pools, serial_shops,
          shop_statue, shop
D:12:     layout_long_grid
D:13:     minmay_the_grid_octo_tiled_squarecenter_mashed
          [minmay_the_grid_octo_concentric, minmay_the_grid_octo_empty,
          minmay_the_grid_octo_empty, minmay_the_grid_octo_focus,
          minmay_the_grid_square_5x5_megaprize_diamond,
          minmay_the_grid_square_5x5_shrine1,
          minmay_the_grid_square_5x5_doubleslash,
          minmay_the_grid_square_5x5_eight, minmay_the_grid_square_5x5_meh],
          layout_stronghold
D:14:     layout_layer_cave, grunt_vaults_entry_tiered,
          grunt_dithmenos_smoke_and_mirrors, blue_anna_alchemist
          [blue_anna_fruit_fields, blue_anna_fruit_fields]
D:15:     grunt_enter_depths_snipers, layout_basic,
          chequers_serial_rivers_micro_d
Temple:   minmay_temple_curvy_loop
Lair:1:   layout_cave_pods, chequers_serial_rivers_micro_d, beast_lair_carwin_4
Lair:2:   layout_cave_pods, minmay_lair_oklob_chamber
Lair:3:   layout_cave_pods, elwin_shoals_entry_rocks,
          infiniplex_staircase_pool_2, grunt_megastairs_1, uniq_nergalle
Lair:4:   layout_concentric_octagons, spider_nest_entry_a, basic_altar
Lair:5:   layout_gridlike, minmay_slime_entry_jelly_boxes, uniq_snorg
Lair:6:   minmay_lair_end_enchanted_forest, layout_hall_layers,
          chequers_serial_rivers_micro_c, uniq_sonja
Shoals:1: layout_shoals
Shoals:2: layout_shoals, st_cyclops
Shoals:3: cheibrodos_shoals_roost, layout_shoals
Shoals:4: shoals_end_hangedman, layout_shoals, serial_shops, shop_statue
Orc:1:    layout_diamond_mine, gammafunk_ghost_split, uniq_erica
Orc:2:    st_orc_elflike, layout_diamond_mine, uniq_azrael, uniq_donald
Depths:1: layout_cave_pools, enter_ziggurat_a, minmay_misc_feat_nine_boxes,
          hell_entry, kennysheep_potato, minmay_shop_grove

Skill      XL: |  1  2  3  4  5  6  7  8  9 10 11 12 13 14 15 16 |
---------------+-------------------------------------------------+-----
Dodging        | 1 2 3 4 5 7 8 10 11 12 | 12.1
Short Blades   | 3 8 9 |  9.9
Transmutations | 3 4 |  4.5
Invocations    | 4 8 12 13 15 16 17 | 17.4
Fighting       | 6 7 8 |  8.4
Shields        | 4 8 10 11 | 11.4
Stealth        | 5 8 10 | 10.2
Evocations     | 4 6 10 | 10.3
Unarmed Combat | 8 9 |  9.2
Staves         | 6 |  6.5
Long Blades    | |  1.0
Bows           | |  2.0

Action                   |  1- 3 |  4- 6 |  7- 9 | 10-12 | 13-15 | 16-18 || total
-------------------------+-------+-------+-------+-------+-------+-------++-------
Melee: Dagger            |    71 |    68 |   333 |   922 |  1512 |       ||  2906
       Tentacles         |    10 |    13 |    51 |   175 |   345 |   102 ||   696
       Constrict         |    18 |    12 |    59 |    82 |   181 |    69 ||   421
       Punch             |       |       |       |       |    17 |    33 ||    50
       Staff             |       |       |       |       |    15 |   343 ||   358
Invok: Imprison          |       |       |       |     2 |       |     1 ||     3
       Recite            |       |       |       |     4 |    20 |    12 ||    36
       Vitalisation      |       |       |       |       |     2 |     2 ||     4
       Sanctuary         |       |       |       |       |       |     2 ||     2
Evoke: Wand              |       |       |     4 |    32 |    28 |     4 ||    68
       Staff of Olgreb   |       |       |       |       |     4 |    63 ||    67
  Use: Potion            |       |     1 |       |    10 |     8 |     7 ||    26
       Scroll            |       |     3 |       |    21 |    20 |    10 ||    54
 Stab: Sleeping          |     4 |     2 |    10 |    15 |    14 |     8 ||    53
       Distracted        |       |       |     2 |     1 |     4 |     1 ||     8
       Paralysed         |       |       |       |     2 |    10 |       ||    12
       Confused          |       |       |       |     2 |    18 |    12 ||    32
       Invisible         |       |       |       |       |       |     1 ||     1
  Eat: Chunk             |       |     3 |    12 |     9 |    21 |     9 ||    54
       Ration            |       |       |     1 |     5 |     6 |     2 ||    14
Armor: Skin              |     4 |     2 |    38 |    68 |   106 |    12 ||   230
Dodge: Dodged            |    54 |    48 |   236 |   479 |   761 |   282 ||  1860
Block: Other             |       |       |       |     7 |       |       ||     7
       Buckler           |       |       |       |    40 |     9 |       ||    49
       Reflection        |       |       |       |     5 |    14 |    27 ||    46
       Kite shield       |       |       |       |       |   547 |   300 ||   847

Table legend:
 A = Non-vault XP
 B = Vault XP
 C = Vault XP percentage of total XP
 D = Non-vault monster count
 E = Vault monster count
 F = Vault count percentage of total count
                 A         B        C        D         E       F
            +---------+---------+-------+---------+---------+-------
      Total |  123676 |   65761 |  34.7 |     625 |     228 |  26.7
            +---------+---------+-------+---------+---------+-------
        D:1 |      47 |       0 |   0.0 |      29 |       0 |   0.0
        D:2 |      85 |       4 |   4.5 |      25 |       1 |   3.8
        D:3 |     140 |      35 |  20.0 |      22 |       1 |   4.3
        D:4 |    1341 |       0 |   0.0 |      27 |       0 |   0.0
        D:5 |     553 |       0 |   0.0 |      20 |       0 |   0.0
        D:6 |     907 |      75 |   7.6 |      32 |       2 |   5.9
        D:7 |    2216 |     332 |  13.0 |      40 |      31 |  43.7
        D:8 |    2007 |     960 |  32.4 |      17 |       1 |   5.6
        D:9 |    2918 |     679 |  18.9 |      24 |       4 |  14.3
       D:10 |    1700 |    1141 |  40.2 |      23 |       2 |   8.0
       D:11 |    5085 |    6050 |  54.3 |      36 |       9 |  20.0
       D:12 |    3242 |       0 |   0.0 |      12 |       0 |   0.0
       D:13 |   10171 |    9375 |  48.0 |      38 |      25 |  39.7
       D:14 |    6283 |    8674 |  58.0 |      20 |      26 |  56.5
       D:15 |   10074 |    2967 |  22.8 |      34 |       3 |   8.1
     Lair:1 |    3343 |     625 |  15.8 |      14 |       5 |  26.3
     Lair:2 |    4764 |       0 |   0.0 |      23 |       0 |   0.0
     Lair:3 |     722 |    1586 |  68.7 |       4 |       5 |  55.6
     Lair:4 |    5073 |     731 |  12.6 |      17 |       3 |  15.0
     Lair:5 |    4854 |    1528 |  23.9 |      17 |      12 |  41.4
     Lair:6 |    9084 |    8905 |  49.5 |      36 |      50 |  58.1
   Shoals:1 |   15414 |       0 |   0.0 |      33 |       0 |   0.0
   Shoals:2 |   12944 |    5054 |  28.1 |      26 |       8 |  23.5
   Shoals:3 |   11209 |    3136 |  21.9 |      21 |       6 |  22.2
   Shoals:4 |    4195 |    1697 |  28.8 |      10 |       2 |  16.7
      Orc:1 |     627 |       0 |   0.0 |       2 |       0 |   0.0
      Orc:2 |    2267 |   12207 |  84.3 |      21 |      32 |  60.4
   Depths:1 |    2411 |       0 |   0.0 |       2 |       0 |   0.0
            +---------+---------+-------+---------+---------+-------
